General information
- name: BNet
- type: Ladder 1vs1/FFA
- host: Battle.net
- saver: Zephyd
map: EchoIsles
- players: 2
- length: 09:41
- speed: Fast
- version: 1.23 W3XP
- replay type: Public
» download(37 KB)
Players
team 1 (loser)
thedeadlydragon (
pink | 56 APM | 543 actions | 09:38)
2 Warden
1 Shadow Strike
1 Blink
» actions
| Basic commands | 34 | |
| Build / train | 33 | |
| Enter build submenu | 9 | |
| Enter hero's abilities submenu | 2 | |
| Right click | 192 | |
| Select / deselect | 228 | |
| Use ability | 45 | |
543 total
» units
| Wisp | 10 | |
| Huntress | 9 | |
| Druid of the Claw | 1 | |
| Glaive Thrower | 2 | |
22 total
» upgrades
| Druid of the Claw Training | 1 | |
1 total
» buildings
| Altar of Elders | 1 | |
| Moon Well | 4 | |
| Hunter's Hall | 1 | |
| Ancient of War | 1 | |
| Tree of Ages | 2 | |
| Ancient of Wonders | 1 | |
| Ancient of Lore | 1 | |
| Tree of Eternity | 3 | |
14 total
» build order
00:09 Altar of Elders
00:20 Moon Well
01:23 Hunter's Hall
01:39 Moon Well
02:11 Ancient of War
02:57 Tree of Ages
02:57 Tree of Ages
03:24 Moon Well
04:30 Moon Well
06:00 Ancient of Wonders
06:39 Ancient of Lore
07:38 Tree of Eternity
07:38 Tree of Eternity
07:38 Tree of Eternity
» items
team 2 (winner)
Zephyd (
teal | 160 APM | 1549 actions | 09:41)
4 Priestess of the Moon
2 Trueshot Aura
2 Searing Arrows
» actions
| Assign group hotkey | 257 | |
| Basic commands | 50 | |
| Build / train | 29 | |
| ESC pressed | 1 | |
| Enter build submenu | 15 | |
| Enter hero's abilities submenu | 4 | |
| Right click | 903 | |
| Select / deselect | 139 | |
| Select group hotkey | 127 | |
| Use ability | 24 | |
1549 total
» units
» buildings
| Altar of Elders | 2 | |
| Moon Well | 4 | |
| Ancient of War | 2 | |
| Hunter's Hall | 1 | |
| Ancient of Wonders | 1 | |
| Tree of Ages | 1 | |
| Ancient Protector | 3 | |
14 total
» build order
00:04 Altar of Elders
00:06 Moon Well
00:08 Altar of Elders
01:13 Ancient of War
01:22 Moon Well
02:01 Hunter's Hall
02:18 Ancient of War
03:15 Moon Well
04:30 Moon Well
05:00 Ancient of Wonders
08:07 Tree of Ages
08:47 Ancient Protector
08:48 Ancient Protector
08:50 Ancient Protector
» items
Chat log
(00:12 / All) thedeadlydragon: gl hf
(00:15 / All) Zephyd: glhf
(03:34 / All) thedeadlydragon: gg
(03:37 / All) Zephyd: lol?
(04:00 / All) thedeadlydragon: LOL